 Dungeon Crawl Stone Soup version 0.30-a0-824-g6c64550be9 (webtiles) character file.

Game seed: 16536218003108574192

14 Nacht the Digger (level 2, 0/19 HPs)
             Began as a Demonspawn Earth Elementalist on Feb 27, 2023.
             Slain by a kobold
             ... wielding a +0 club
              (4 damage)
             ... on level 2 of the Dungeon.
             The game lasted 00:00:45 (412 turns).

Nacht the Digger (Demonspawn Earth Elementalist)     Turns: 412, Time: 00:00:46

Health: 0/19       AC:  3    Str:  8    XL:     2   Next: 31%
Magic:  1/5        EV: 12    Int: 16    God:
Gold:   14         SH:  0    Dex: 13    Spells: 4/5 levels left

rFire   . . .      SeeInvis .    (no weapon)
rCold   . . .      Faith    .    (no shield)
rNeg    + . .      Spirit   .    a - +0 robe
rPois   .          Reflect  .    (no helmet)
rElec   .          Harm     .    (no cloak)
rCorr   .          Rampage  .    (no gloves)
Will    .....                    d - +0 pair of boots
Stlth   ++                       (no amulet)
HPRegen 0.23/turn                c - ring of positive energy
MPRegen 0.09/turn                (no ring)

@: no status effects
A: powered by pain 1
a: no special abilities


You were on level 2 of the Dungeon.
You visited 1 branch of the dungeon, and saw 2 of its levels.

You collected 14 gold pieces.

Inventory:

Armour
 a - a +0 robe (worn)
 d - a +0 pair of boots (worn)
Jewellery
 c - a ring of positive energy (left hand)


   Skills:
 - Level 1.7 Dodging
 - Level 1.7 Stealth
 - Level 2.0 Spellcasting
 - Level 0.8 Transmutations
 + Level 3.4 Earth Magic


You had 4 spell levels left.
You knew the following spells:

 Your Spells              Type           Power      Damage    Failure   Level
a - Sandblast             Erth           24%        2d8       4%          1

Your spell library contained the following spells:

 Spells                   Type           Power      Damage    Failure   Level
 Passwall                 Tmut/Erth      6%         N/A       13%         2
 Stone Arrow              Conj/Erth      14%        3d7       30%         3
 Petrify                  Tmut/Erth      8%         N/A       65%         4


Dungeon Overview and Level Annotations

Branches:
Dungeon (2/15)

Altars:


Innate Abilities, Weirdness & Mutations

You sometimes gain a little power by taking damage.


Message History

Aiming: Sandblast (safe; 5% risk of failure)
Press: ? - help, Shift-Dir - straight line, f - quokka, p - kobold
Aim: a quokka (severely wounded, 75% to hit)
The blast of sand hits the quokka.
You kill the quokka!
The kobold barely misses you. The kobold attacks as you move away!
The kobold hits you with a +0 club. The kobold attacks as you move away!
The kobold barely misses you. The kobold attacks as you move away!
The kobold hits you with a +0 club. The kobold attacks as you move away!
The kobold barely misses you.
The endoplasm quivers.
The kobold attacks as you move away! The kobold hits you but does no damage.
The kobold attacks as you move away! The kobold hits you with a +0 club.
* * * LOW HITPOINT WARNING * * *
The kobold attacks as you move away! The kobold barely misses you.
There is a stone staircase leading down here.
The kobold misses you.
You climb downwards.
Found a stone staircase leading up.
There is a stone staircase leading up here.
Casting: Sandblast (safe; 4% risk of failure)
Confirm with . or Enter, or press ? or * to list all spells.
Aiming: Sandblast (safe; 4% risk of failure)
Press: ? - help, Shift-Dir - straight line, f - kobold
Aim: a kobold, wielding a +0 club (77% to hit)
The blast of sand hits the kobold.
The kobold is severely wounded.
The kobold hits you with a +0 club.
* * * LOW HITPOINT WARNING * * *
The kobold hits you with a +0 club.
* * * LOW HITPOINT WARNING * * *
Casting: Sandblast (safe; 4% risk of failure)
Confirm with . or Enter, or press ? or * to list all spells.
Aiming: Sandblast (safe; 4% risk of failure)
Press: ? - help, Shift-Dir - straight line, f/p - kobold
Aim: a kobold, wielding a +0 club (severely wounded, 77% to hit)
Okay, then.
The kobold attacks as you move away! The kobold barely misses you.
The kobold attacks as you move away! The kobold hits you with a +0 club.
You die...

### .. ..
.######
.......
###...# #.@.#
#K#.##..#
#<...<#
........#.###
.####.......
.......#.#
#####...#.#
...B+ # #####


You could see a giant cockroach (asleep) and a kobold.

Vanquished Creatures
  A dart slug (D:1)
  3 ball pythons (D:1)
  An endoplasm (D:1)
  2 hobgoblins (D:1)
  2 quokkas (D:1)
  A bat (D:1)
10 creatures vanquished.

Notes
Turn   | Place    | Note
-------+----------+-------------------------------------------
     0 | D:1      | Nacht the Demonspawn Earth Elementalist began the quest for
                  | the Orb.
     0 | D:1      | Reached XP level 1. HP: 13/13 MP: 3/3
    23 | D:1      | Found a faded altar of an unknown god.
    90 | D:1      | Reached skill level 3 in Earth Magic
   191 | D:1      | Gained mutation: You sometimes gain a little power by
                  | taking damage. [demonic ancestry]
   191 | D:1      | Reached XP level 2. HP: 16/19 MP: 0/5
   412 | D:2      | Slain by a kobold

Illustrated notes

Levels and vault maps discovered:
D:1:      heliophobic_arrival_battle_scene, layout_loops_cross,
          shapermc_ecumenical_altar_gd, dk_noncrumbling_3
D:2:      layout_basic, st_stairs_3, hex_tiny, supply_closet_lemuel,
          minmay_misc_feat_rugged

Skill      XL: |  1 |
---------------+----+-----
Earth Magic    | 3 |  3.4
Dodging        | |  1.7
Stealth        | |  1.7
Spellcasting   | |  2.0
Transmutations | |  0.8

Action                     || total
---------------------------++-------
  Melee: Unarmed           ||     2
   Cast: Sandblast         ||    20
    Use: Potion            ||     1
 Armour: Robe              ||     6
  Dodge: Dodged            ||    31

Table legend: (Time is in decaauts)
 A = Elapsed time spent in this place.
 B = Non-inter-level travel time spent in this place.
 C = Inter-level travel time spent in this place.
 D = Time resting spent in this place.
 E = Time spent auto-exploring this place.
 F = Levels seen in this place.
 G = Mean time per level.
                   A        B        C        D        E       F      G
               +--------+--------+--------+--------+--------+-----+--------+
         Total |    421 |    421 |      0 |      0 |    309 |   2 |  210.5 |
       Dungeon |    421 |    421 |      0 |      0 |    309 |   2 |  210.5 |
               +--------+--------+--------+--------+--------+-----+--------+

Top non-repeatable levels by time:
     D:1: 417 daAuts
     D:2: 4 daAuts
